 Dungeon Crawl Stone Soup version 0.31-a0-819-gf6de2f5ab6 (webtiles) character file.

Game seed: 9159645472981434346

1246 porpoise the Basher (level 8, -1/52 HPs)
             Began as a Gargoyle Gladiator on Sept 25, 2023.
             Was an Initiate of Hepliaklqana.
             Slain by an iguana (6 damage)
             ... on level 5 of the Dungeon.
             The game lasted 00:19:30 (4819 turns).

porpoise the Basher (Gargoyle Gladiator)            Turns: 4819, Time: 00:19:31

Health: -1/52      AC: 14    Str: 19      XL:     8   Next: 50%
Magic:  7/7        EV: 11    Int:  7 (8)  God:    Hepliaklqana [......]
Gold:   140        SH:  0    Dex: 15      Spells: 7/7 levels left

rFire   . . .        a - +0 flail
rCold   . . .        (no shield)
rNeg    + . .        l - +0 ring mail
rPois   ∞            c - +0 helmet
rElec   +            (no cloak)
rCorr   .            A - +2 pair of gloves
SInv    .            (no boots)
Will    .....        (no amulet)
Stlth   +            (no ring)
HPRegen 0.00/turn    (no ring)
MPRegen 0.10/turn

%: no passive effects
@: inhibited regen
A: sickness immunity, AC +5, negative energy resistance 1, electricity
resistance, torment resistance 1, petrification resistance, agile 1,
deterioration 1, low MP 1, inhibited regeneration
a: Renounce Religion


You were on level 5 of the Dungeon.
You worshipped Hepliaklqana.
Hepliaklqana was noncommittal.
You visited 2 branches of the dungeon, and saw 6 of its levels.

You collected 194 gold pieces.
You spent 54 gold pieces at shops.

Inventory:

Hand Weapons
 a - a +0 flail (weapon)
 b - a +1 sling
 v - the +1 short sword "Bavepuiwk" {flame, rElec rF+ rCorr}
   (You found it on level 4 of the Dungeon)

   rF+:       It protects you from fire.
   rElec:     It insulates you from electricity.
   rCorr:     It protects you from acid and corrosion.
Missiles
 d - 4 throwing nets (quivered)
 e - a javelin
 i - 3 boomerangs
Armour
 c - a +0 helmet (worn)
 l - a +0 ring mail (worn)
 A - a +2 pair of gloves (worn)
Jewellery
 f - a ring of wizardry
 t - a ring of fire
Scrolls
 j - a scroll of revelation {unknown}
 m - 3 scrolls of teleportation
 n - a scroll of vulnerability {unknown}
 r - a scroll of identify
 s - a scroll of noise
 w - a scroll of enchant weapon
 y - a scroll of enchant armour {unknown}
 z - a scroll of amnesia {unknown}
Potions
 g - 2 potions of cancellation
 h - a potion of attraction
 k - 4 potions of curing
 p - 2 potions of ambrosia


   Skills:
 + Level 6.6 Fighting
 * Level 8.7 Maces & Flails
 - Level 1.7 Throwing
 - Level 2.4 Dodging


You had 7 spell levels left.
You didn't know any spells.
Your spell library was empty.

Dungeon Overview and Level Annotations

Branches:
Dungeon (5/15)             Temple (1/1) D:4

Altars:
Cheibriados
Dithmenos
Fedhas
Gozag
Hepliaklqana
Kikubaaqudgha
Makhleb
Nemelex Xobeh
Okawaru
Qazlal
Sif Muna
Trog
Wu Jian
Xom
Zin
The Shining One

Shops:
D:2 [   D:4 *


Innate Abilities, Weirdness & Mutations

You are immune to sickness and miasma.
Your stone body is resilient. (AC +5)
You are immune to poison.
You resist negative energy. (rN+)
You are resistant to electric shocks. (rElec)
You are resistant to unholy torment.
You are immune to petrification.
You are agile. (Dex +4, Str/Int -1)
Your body sometimes deteriorates upon taking damage.
Your magical capacity is low. (-10% MP)
You do not regenerate when monsters are visible.


Message History

The iguana bites you but does no damage.
You closely miss the iguana. The iguana misses you.
You sock the iguana!
The iguana is heavily wounded.
The iguana misses you.
You completely miss the iguana.
The iguana is heavily wounded.
The iguana bites you.
You barely miss the iguana.
The iguana is heavily wounded.
The iguana bites you but does no damage.
You hit the iguana.
The iguana is severely wounded.
The iguana bites you!
* * * LOW HITPOINT WARNING * * *
You hit the iguana but do no damage.
The iguana is severely wounded.
The iguana bites you but does no damage.
You closely miss the iguana.
The iguana is severely wounded.
The iguana bites you!
* * * LOW HITPOINT WARNING * * *
Okay, then.
Unknown command.
Okay, then.
Unknown command.
You thump the iguana!
You kill the iguana!
You closely miss the iguana. The iguana closely misses you.
You barely miss the iguana. The iguana misses you.
You hit the iguana.
The iguana is moderately wounded.
The iguana closely misses you.
You thump the iguana!
The iguana is almost dead.
The iguana bites you but does no damage.
You barely miss the iguana.
The iguana is almost dead.
The iguana bites you.
You die...

.# #.......###.....†)# #...... .#
#......##?##......####...... .#
#.......#.#.........##...... .#
#....#.##.##.#....#))..#.###
.#####(..####.. ####...###..#.# #
....##..## ...= ##..# #....# #
....##...####.. ####..## ##.#.# #
....##....#.##†##.#...# #.#.###
....##.......#.l@.....#####.#>...
#...###....)##$##.....+..........
#...# #.###..###......#####.#####
....# #.#.....#.......#.....).#
##.## #.#.###.........#.......###
#.# #.#.# ###'#######.....†)...
#.# #.#.# #.# #####+#)### #.#
#.#.# #.# ###.#'## ##.# #.#.# #.#
#......#


You could see an iguana.

Vanquished Creatures
  An ogre (D:5)
  A phantom (D:5)
  Blork the orc (D:5)
  A bullfrog (D:5)
  2 scorpions (D:5)
  A howler monkey (D:5)
  3 hounds (D:5)
  2 jellies
  2 orc priests (D:5)
  9 iguanas
  5 orc wizards
  3 gnolls (D:4)
  8 adders
  2 ufetubi (D:5)
  4 worms
  3 dart slugs
  28 orcs
  5 ball pythons
  6 endoplasms
  2 giant cockroaches
  7 goblins
  8 hobgoblins
  4 jackals (D:3)
  9 kobolds
  4 quokkas
  4 bats
  5 frilled lizards
  4 rats
134 creatures vanquished.

Vanquished Creatures (others)
  A hound (D:5)
  An orc priest (D:5)
2 creatures vanquished.

Grand Total: 136 creatures vanquished

Notes
Turn   | Place    | Note
-------+----------+-------------------------------------------
     0 | D:1      | porpoise the Gargoyle Gladiator began the quest for the
                  | Orb.
     0 | D:1      | Reached XP level 1. HP: 12/12 MP: 1/1
   123 | D:1      | Reached XP level 2. HP: 13/18 MP: 2/2
   572 | D:2      | Reached XP level 3. HP: 22/22 MP: 3/3
   588 | D:2      | Reached skill level 4 in Maces & Flails
   663 | D:2      | Found Ahekior's Antique Armour Emporium.
   682 | D:2      | Reached XP level 4. HP: 27/28 MP: 4/4
   751 | D:2      | Found an opulent altar of Gozag.
   904 | D:2      | Found a faded altar of an unknown god.
  1339 | D:3      | Reached XP level 5. HP: 9/32 MP: 5/5
  1469 | D:3      | Reached skill level 5 in Maces & Flails
  1918 | D:4      | Found Ohau's Assorted Antiques.
  1922 | D:4      | Bought a scroll labelled VAUCUDW COAPT for 27 gold pieces
  1922 | D:4      | Bought a scroll labelled ZINILEIMIM for 27 gold pieces
  1999 | D:4      | Identified the +1 short sword "Bavepuiwk" {flame, rElec rF+
                  | rCorr}
  2089 | D:4      | Reached XP level 6. HP: 25/38 MP: 6/6
  2284 | D:4      | Found a staircase to the Ecumenical Temple.
  2295 | Temple   | Entered the Ecumenical Temple
  2321 | Temple   | Became a worshipper of Hepliaklqana the Forgotten
  2545 | D:4      | Reached skill level 6 in Maces & Flails
  3031 | D:5      | Entered Level 5 of the Dungeon
  3366 | D:5      | Reached XP level 7. HP: 19/44 MP: 7/7
  3371 | D:5      | Reached skill level 5 in Fighting
  3804 | D:5      | Found a shimmering altar of Xom.
  3815 | D:5      | Reached skill level 7 in Maces & Flails
  3873 | D:5      | Reached XP level 8. HP: 35/51 MP: 8/8
  4026 | D:5      | Reached skill level 8 in Maces & Flails
  4192 | D:5      | Noticed Blork the orc
  4209 | D:5      | Gained mutation: Your magical capacity is low. (-10% MP)
                  | [potion of mutation]
  4209 | D:5      | Gained mutation: You do not regenerate when monsters are
                  | visible. [potion of mutation]
  4209 | D:5      | Gained mutation: Your body sometimes deteriorates upon
                  | taking damage. [potion of mutation]
  4209 | D:5      | Gained mutation: You are agile. (Dex +4, Str/Int -1)
                  | [potion of mutation]
  4228 | D:5      | Killed Blork the orc
  4819 | D:5      | Slain by an iguana

Illustrated notes

Levels and vault maps discovered:
D:1:      tarquinn_simple_flora_water_b, layout_rooms
D:2:      layout_rooms, ebering_ecumenical_altar_abandoned, basic_altar,
          serial_forest, infiniplex_forest_end_2, infiniplex_forest_clump_cross,
          infiniplex_forest_join, infiniplex_forest_clump_medium,
          infiniplex_forest_clump_cross, infiniplex_forest_clump_curved,
          infiniplex_forest_straight_2, infiniplex_forest_end_3, serial_shops,
          nicolae_square_shop
D:3:      corexii_shack_village, layout_rooms, corner_web_ring
D:4:      layout_loops_ring, temple_hall, serial_shops, shop
D:5:      layout_basic, xom_confusion_cloud, minmay_fractal_squares_gapless_5,
          uniq_blork_the_orc
Temple:   regret_index_temple_generic_petals

Skill      XL: |  1  2  3  4  5  6  7  8 |
---------------+-------------------------+-----
Fighting       | 3 4 5 6 |  6.6
Maces & Flails | 4 5 6 7 8 |  8.7
Throwing       | |  1.7
Dodging        | |  2.4

Action                     |  1- 3 |  4- 6 |  7- 9 || total
---------------------------+-------+-------+-------++-------
  Melee: Flail             |    92 |   348 |   181 ||   621
         Punch             |       |     2 |     2 ||     4
   Fire: Sling             |       |    22 |       ||    22
    Use: Scroll            |       |     6 |     1 ||     7
         Potion            |       |     2 |     4 ||     6
   Stab: Invisible         |       |       |     3 ||     3
 Armour: Leather armour    |    18 |       |       ||    18
         Ring mail         |    36 |   268 |   119 ||   423
  Dodge: Dodged            |    39 |   209 |   107 ||   355

Table legend: (Time is in decaauts)
 A = Elapsed time spent in this place.
 B = Non-inter-level travel time spent in this place.
 C = Inter-level travel time spent in this place.
 D = Time resting spent in this place.
 E = Time spent auto-exploring this place.
 F = Levels seen in this place.
 G = Mean time per level.
                   A        B        C        D        E       F      G
               +--------+--------+--------+--------+--------+-----+--------+
         Total |   4894 |   4642 |    252 |    829 |   2521 |   6 |  815.7 |
       Dungeon |   4844 |   4640 |    204 |    829 |   2521 |   5 |  968.8 |
        Temple |     50 |      2 |     48 |      0 |      0 |   1 |   50.0 |
               +--------+--------+--------+--------+--------+-----+--------+

Top non-repeatable levels by time:
     D:5: 1795 daAuts
     D:4: 1067 daAuts
     D:2: 770 daAuts
     D:3: 749 daAuts
     D:1: 460 daAuts
  Temple: 50 daAuts
